 Dungeon Sprint DCSS version 0.30-a0-883-g5ad918d77d (webtiles) character file.

Game seed: 9410615133045550819

298 rocky1 the Carver (level 6, -7/52 HPs)
             Began as a Merfolk Gladiator on Mar 16, 2023.
             Was an Initiate of Gozag.
             Mangled by a spatial vortex (15 damage)
             ... in the Dungeon (Sprint III: "The Ten Rune Challenge").
             The game lasted 00:01:37 (733 turns).

rocky1 the Carver (Merfolk Gladiator)                Turns: 733, Time: 00:01:38

Health: -7/52      AC:  4    Str: 14    XL:     6   Next: 36%
Magic:  6/6        EV: 17    Int:  7    God:    Gozag
Gold:   37         SH:  0    Dex: 18    Spells: 5/5 levels left

rFire   . . .      SeeInvis .    a - +0 long sword
rCold   . . .      Faith    .    (no shield)
rNeg    . . .      Spirit   .    b - +0 leather armour
rPois   .          Reflect  .    c - +0 helmet
rElec   .          Rampage  .    (no cloak)
rCorr   .          NoTele   +    (no gloves)
Will    .....                    (no boots)
Stlth   ++                       (no amulet)
HPRegen 0.28/turn                (no ring)
MPRegen 0.10/turn                (no ring)

@: no status effects
A: (nimble swimmer 2), mertail
a: Renounce Religion, Potion Petition, Call Merchant, Bribe Branch


You were in the Dungeon.
You worshipped Gozag.
Gozag was noncommittal.
You visited 1 branch You collected 37 gold pieces.

Inventory:

Hand Weapons
 a - a +0 long sword (weapon)
Missiles
 d - 3 throwing nets
 e - a javelin (quivered)
Armour
 b - a +0 leather armour (worn)
 c - a +0 helmet (worn)
Scrolls
 k - a scroll of blinking
 l - a scroll of poison {unknown}
 m - 2 scrolls of identify {unknown}
 p - a scroll of torment {unknown}
Potions
 f - a potion of curing
 h - a potion of haste
 i - 2 potions of magic
 n - 3 potions of flight
 o - a potion of invisibility {unknown}
 q - 4 potions of mutation
Miscellaneous
 g - a box of beasts


   Skills:
 + Level 5.8 Fighting
 + Level 11.0 Long Blades
 + Level 3.9 Throwing
 + Level 1.6 Armour
 + Level 9.3 Dodging
 + Level 2.1 Stealth


You had 5 spell levels left.
You didn't know any spells.
Your spell library was empty.

Dungeon Overview and Level Annotations

Branches:
Dungeon (1/1)

Altars:
Cheibriados
Fedhas
Gozag
Hepliaklqana
Makhleb
Nemelex Xobeh
Qazlal
Xom
Jiyva
Lugonu


Innate Abilities, Weirdness & Mutations

((You are very nimble when in or above water. (Stealth+, EV+, Speed+++)))
Your lower body shifts to a powerful aquatic tail in water.


Message History

The shadow flickers and vanishes!
Deactivating autopickup; reactivate with Ctrl-A.
You hit something.
Reactivating autopickup.
You feel a bit more experienced.
Your Fighting skill increases to level 5!
Your Long Blades skill gained 2 levels and is now at level 11!
Your Armour skill increases to level 1!
Your Dodging skill increases to level 9!
Your Stealth skill increases to level 2!
You have reached level 6!
You start resting.
You start resting.
HP restored.
You start waiting.
Done waiting.
e - a javelin As you open the door, it creaks loudly!
Found five altars.
A spatial vortex comes into view.
Found a box of beasts.
Found five altars.
There is an open door here.
There is a snail-covered altar of Cheibriados here.
There is a hazy altar of Hepliaklqana here.
There is an opulent altar of Gozag here.
You kneel at the altar of Gozag.
Gozag welcomes you!
Gozag waives the service fee.
There is a sparkling altar of Nemelex Xobeh here.
You see here a box of beasts.
g - a box of beasts The spatial vortex hits you!!
There is a hazy altar of Hepliaklqana, spattered with blood here.
The spatial vortex hits you!!
Ouch! That really hurt!
* * * LOW HITPOINT WARNING * * *
There is a snail-covered altar of Cheibriados, spattered with blood here.
The spatial vortex hits you!
You die...
Your body crumbles into a pile of gold.

..~.♣♣♣..###+#+###+##$$
.~~..♣.♣.#..........#
†~~~♣.♣♣.'.⌠........# $
$$ $
~≈≈~~~.♣.#...######'#$
$ ~≈~~~....#.⌠.#__#...#
≈~~~.....#...#__#...#
~~.......#+###__#...#
.........# $#__#...+
.........# #_v@...#
▓▓▓▓▓▓▓▓▓▓ ▓▓▓▓▓▓▓▓ $ $


You could see a spatial vortex.

Vanquished Creatures
  A shadow (D)
  A water elemental (D)
  A jelly (D)
  Jessica (D)
  A human (D)
  A wolf (D)
  2 endoplasms (D)
  A rat (D)
9 creatures vanquished.

Notes
Turn   | Place    | Note
-------+----------+-------------------------------------------
     0 | D        | rocky1 the Merfolk Gladiator began the quest for the Orb.
     0 | D        | Reached XP level 1. HP: 16/16 MP: 1/1
     8 | D        | Reached skill level 4 in Long Blades
    13 | D        | Noticed Jessica
    30 | D        | Killed Jessica
    31 | D        | Reached skill level 6 in Long Blades
    31 | D        | Reached XP level 2. HP: 14/24 MP: 2/2
    31 | D        | Reached XP level 3. HP: 16/29 MP: 3/3
   135 | D        | Reached skill level 7 in Long Blades
   135 | D        | Reached XP level 4. HP: 34/35 MP: 4/4
   179 | D        | Noticed a water elemental
   187 | D        | Killed a water elemental
   188 | D        | Reached skill level 8 in Long Blades
   188 | D        | Reached skill level 1 in Stealth
   188 | D        | Reached XP level 5. HP: 38/42 MP: 5/5
   385 | D        | Reached skill level 9 in Long Blades
   479 | D        | Noticed a shadow
   491 | D        | Killed a shadow
   492 | D        | Reached skill level 5 in Fighting
   492 | D        | Reached skill level 11 in Long Blades
   492 | D        | Reached skill level 1 in Armour
   492 | D        | Reached XP level 6. HP: 17/52 MP: 6/6
   723 | D        | Found a blossoming altar of Fedhas.
   723 | D        | Found a stormy altar of Qazlal.
   723 | D        | Found a snail-covered altar of Cheibriados.
   723 | D        | Found a burning altar of Makhleb.
   723 | D        | Found a shimmering altar of Xom.
   724 | D        | Found a hazy altar of Hepliaklqana.
   724 | D        | Found an opulent altar of Gozag.
   724 | D        | Found a sparkling altar of Nemelex Xobeh.
   724 | D        | Found a corrupted altar of Lugonu.
   724 | D        | Found a viscous altar of Jiyva.
   724 | D        | Noticed a spatial vortex
   728 | D        | Became a worshipper of Gozag Ym Sagoz the Greedy
   733 | D        | Mangled by a spatial vortex

Illustrated notes

Levels and vault maps discovered:
D:        dungeon_sprint_mu [sprint_mu_entry_forest, sprint_mu_temple_rooms,
          sprint_mu_d1_horrors, sprint_mu_d2_genie, sprint_mu_d3_branching,
          sprint_mu_orc_legion, sprint_mu_elf_gauntlet, sprint_mu_hive_nellie,
          sprint_mu_lair_fedhas, sprint_mu_vaults_butterflies,
          sprint_mu_slime_circle, sprint_mu_shoals_archi,
          sprint_mu_snake_twists, sprint_mu_blade_basic,
          sprint_mu_crypt_fortress, sprint_mu_tomb_spiral,
          sprint_mu_vestibule_basic, sprint_mu_gehenna_hellfire,
          sprint_mu_dis_giant, sprint_mu_tartarus_statrot,
          sprint_mu_cocytus_islands, sprint_mu_zot1]

Skill      XL: |  1  2  3  4  5 |
---------------+----------------+-----
Long Blades    | 6 7 8 11 | 11.0
Fighting       | 3 4 5 |  5.8
Dodging        | 6 7 9 |  9.3
Throwing       | 3 |  3.9
Stealth        | 1 2 |  2.1
Armour         | 1 |  1.6

Action                     |  1- 3 |  4- 6 || total
---------------------------+-------+-------++-------
  Melee: Long sword        |    31 |    19 ||    50
         Tailslap          |     2 |       ||     2
         Punch             |     1 |       ||     1
  Throw: Javelin           |       |     2 ||     2
    Use: Potion            |       |     2 ||     2
   Stab: Sleeping          |     1 |       ||     1
 Armour: Leather armour    |     3 |     1 ||     4
  Dodge: Dodged            |    22 |     6 ||    28

Table legend: (Time is in decaauts)
 A = Elapsed time spent in this place.
 B = Non-inter-level travel time spent in this place.
 C = Inter-level travel time spent in this place.
 D = Time resting spent in this place.
 E = Time spent auto-exploring this place.
 F = Levels seen in this place.
 G = Mean time per level.
                   A        B        C        D        E       F      G
               +--------+--------+--------+--------+--------+-----+--------+
         Total |    738 |    738 |      0 |    550 |      5 |   1 |  738.0 |
       Dungeon |    738 |    738 |      0 |    550 |      5 |   1 |  738.0 |
               +--------+--------+--------+--------+--------+-----+--------+

Top non-repeatable levels by time:
       D: 738 daAuts
